 Dungeon Crawl Stone Soup version 0.30.0-20-g3b4254fcbd (webtiles) character file.

Game seed: 13141469448423496072

349 cheesebisquit the Digger (level 6, -1/37 HPs)
             Began as a Gargoyle Earth Elementalist on June 2, 2023.
             Was an Initiate of Vehumet.
             Slain by a black bear (2 damage)
             ... on level 5 of the Dungeon.
             The game lasted 00:10:22 (3595 turns).

cheesebisquit the Digger (GrEE)                     Turns: 3595, Time: 00:10:22

Health: -1/37      AC:  6    Str: 12    XL:     6   Next: 60%
Magic:  5/10       EV: 11    Int: 19    God:    Vehumet [......]
Gold:   188        SH:  0    Dex: 10    Spells: 5/11 levels left

rFire   . . .        m - +9 spear of Articulation {freeze, Int+2}
rCold   . . .        (no shield)
rNeg    + . .        a - +0 robe
rPois   ∞            (no helmet)
rElec   +            p - scarf {+Inv}
rCorr   .            (no gloves)
SInv    .            (no boots)
Will    .....        (no amulet)
Stlth   ++           o - ring of wizardry
HPRegen 0.26/turn    (no ring)
MPRegen 0.12/turn

%: wizardry (x1)
@: no status effects
A: sickness immunity, AC +4, negative energy resistance 1, electricity
resistance, torment resistance 1, petrification resistance
a: Renounce Religion, Evoke Invisibility


You were on level 5 of the Dungeon.
You worshipped Vehumet.
Vehumet was noncommittal.
You visited 2 branches of the dungeon, and saw 6 of its levels.

You collected 188 gold pieces.

Inventory:

Hand Weapons
 j - a +1 vampiric dagger
 m - the +9 spear of Articulation (weapon) {freeze, Int+2}
   (You found it on level 2 of the Dungeon)

   Int:       It affects your intelligence (+2).
 u - a +2 dagger of venom
Armour
 a - a +0 robe (worn)
 p - a scarf of invisibility (worn)
Jewellery
 o - a ring of wizardry (left hand)
Wands
 r - a wand of polymorph (11)
 v - a wand of digging (8)
Scrolls
 d - a scroll of poison {unknown}
 g - a scroll of fog {unknown}
 h - 4 scrolls of identify {unknown}
 l - a scroll of fear {unknown}
 n - 3 scrolls of teleportation {unknown}
 q - 2 scrolls of amnesia {unknown}
 w - 3 scrolls of immolation {unknown}
Potions
 b - a potion of magic
 c - 2 potions of haste {unknown}
 e - 3 potions of curing
 f - 3 potions of resistance {unknown}
 i - a potion of mutation {unknown}
 k - 2 potions of ambrosia {unknown}
 s - a potion of flight {unknown}
 t - a potion of heal wounds {unknown}
 x - a potion of lignification {unknown}
 z - a potion of degeneration {unknown}


   Skills:
 + Level 3.0 Fighting
 - Level 1.5 Dodging
 + Level 4.1 Stealth
 - Level 3.1 Spellcasting
 - Level 0.7 Transmutations
 - Level 6.0 Earth Magic


You had 5 spell levels left.
You knew the following spells:

 Your Spells              Type           Power      Damage    Failure   Level
a - Sandblast             Erth           52%        2d12      1%          1
b - Passwall              Tmut/Erth      12%        N/A       2%          2
c - Stone Arrow           Conj/Erth      28%        3d8       5%          3

Your spell library contained the following spells:

 Spells                   Type           Power      Damage    Failure   Level
 Summon Small Mammal      Summ           8%         N/A       6%          1
 Ignite Poison            Fire/Tmut/Pois 3%         N/A       16%         3
 Petrify                  Tmut/Erth      15%        N/A       16%         4
 Call Canine Familiar     Summ           2%         N/A       17%         3
 Ozocubu's Armour         Ice            2%         N/A       17%         3
 Summon Guardian Golem    Hex/Summ       2%         N/A       17%         3
 Freezing Cloud           Conj/Ice/Air   1%         6-21      82%         5
 Ozocubu's Refrigeration  Ice            1%         4d7       100%        7
 Cigotuvi's Dreadful Rot  Necr/Pois/Air  Unusable   N/A       N/A         2

Dungeon Overview and Level Annotations

Branches:
Dungeon (6/15)             Temple (1/1) D:5

Altars:
Ashenzari
Cheibriados
Dithmenos
Elyvilon
Fedhas
Gozag
Hepliaklqana
Kikubaaqudgha
Makhleb
Nemelex Xobeh
Okawaru
Ru
Sif Muna
Trog
Vehumet
Wu Jian
Xom
Zin
The Shining One


Innate Abilities, Weirdness & Mutations

You are immune to sickness and miasma.
Your stone body is resilient. (AC +4)
You are immune to poison.
You resist negative energy. (rN+)
You are resistant to electric shocks. (rElec)
You are resistant to unholy torment.
You are immune to petrification.


Message History

A gnoll is nearby!
The gnoll shouts!
The blast of sand hits the gnoll!
You kill the gnoll!
Vehumet accepts your kill.
The black bear growls angrily.
You see here 2 potions of curing.
e - 3 potions of curing (gained 2)
The blast of sand hits the black bear!
The black bear is heavily wounded.
The blast of sand hits the black bear.
The black bear is severely wounded.
The black bear goes berserk!
The blast of sand hits the black bear.
The black bear is severely wounded.
The black bear barely misses you. The black bear claws you. x2
The black bear bites you.
The black bear claws you but does no damage.
The black bear closely misses you.
The blast of sand misses the black bear.
The black bear bites you but does no damage.
The black bear claws you but does no damage.
The black bear claws you. The black bear bites you.
The black bear claws you but does no damage.
The black bear claws you. The black bear bites you!
* * * LOW HITPOINT WARNING * * *
The black bear closely misses you.
The black bear claws you but does no damage.
Aiming: Sandblast (safe; 1% risk of failure)
Press: ? - help, Q - select action, (/) - cycle Shift-Dir - straight line, f/p - black bear
Aim: a black bear (severely wounded, berserk, 87% to hit)
The blast of sand hits the black bear!
The black bear is almost dead.
The black bear bites you.
* * * LOW HITPOINT WARNING * * *
The black bear barely misses you. The black bear claws you.
* * * LOW HITPOINT WARNING * * *
The black bear barely misses you. The black bear closely misses you.
The black bear claws you.
You die...

........#######.....
.................##
#####............#
#............# .
####....).)..##'#
...................
######..$..........
.................
###..h@......###
#####.###### ## #.#
#. #.. #. #### #. #.
#. #. ####.


You could see a black bear (berserk).

Vanquished Creatures
  2 jellies (D:5)
  A hound (D:5)
  2 iguanas (D:5)
  Ijyb (D:3)
  A sleepcap (D:5)
  An orc wizard (D:5)
  Terence (D:3)
  2 gnolls (D:5)
  2 adders
  A worm (D:3)
  2 dart slugs
  6 orcs
  4 ball pythons
  2 endoplasms
  2 giant cockroaches (D:2)
  4 hobgoblins
  5 quokkas
  6 bats
  7 frilled lizards
  9 goblins
  5 kobolds
  5 rats
  A butterfly (D:5)
72 creatures vanquished.

Notes
Turn   | Place    | Note
-------+----------+-------------------------------------------
     0 | D:1      | cheesebisquit the Gargoyle Earth Elementalist began the
                  | quest for the Orb.
     0 | D:1      | Reached XP level 1. HP: 10/10 MP: 3/3
   156 | D:1      | Reached skill level 4 in Earth Magic
   204 | D:1      | Reached XP level 2. HP: 15/15 MP: 3/5
   767 | D:2      | Reached XP level 3. HP: 16/19 MP: 3/6
   772 | D:2      | Identified the +9 spear of Articulation {freeze, Int+2}
   968 | D:2      | Learned a level 2 spell: Passwall
   972 | D:2      | Learned a level 3 spell: Stone Arrow
  1343 | D:2      | Found a blossoming altar of Fedhas.
  1378 | D:2      | Reached skill level 5 in Earth Magic
  1795 | D:3      | Reached XP level 4. HP: 24/24 MP: 3/8
  1800 | D:3      | Noticed Ijyb
  1996 | D:3      | Killed Ijyb
  2545 | D:3      | Noticed Terence
  2557 | D:3      | Killed Terence
  2558 | D:3      | Reached skill level 6 in Earth Magic
  2558 | D:3      | Reached XP level 5. HP: 15/28 MP: 2/9
  2631 | D:3      | Found a glowing golden altar of the Shining One.
  2684 | D:3      | You fall into a shaft and drop 3 floors!
  2701 | D:5      | Entered Level 5 of the Dungeon
  2981 | D:5      | Reached skill level 1 in Fighting
  3067 | D:5      | Reached XP level 6. HP: 35/35 MP: 6/10
  3108 | D:5      | Found a staircase to the Ecumenical Temple.
  3124 | Temple   | Entered the Ecumenical Temple
  3303 | Temple   | Became a worshipper of Vehumet
  3348 | D:5      | Found a white marble altar of Elyvilon.
  3488 | D:5      | Noticed a black bear
  3595 | D:5      | HP: 1/37 [black bear (5)]
  3595 | D:5      | Slain by a black bear

Illustrated notes

Levels and vault maps discovered:
D:1:      dpeg_arrival_rooms_a, layout_basic
D:2:      minmay_recursive_quarters, layout_basic, basic_altar,
          minmay_misc_feat_x
D:3:      layout_loops_ring, nicolae_tso_swordbearing_angel, uniq_terence,
          uniq_ijyb
D:5:      layout_basic, nicolae_elyvilon_peaceful_grove,
          minmay_temple_entry_glass, dreamdust_gnoll_farm
D:6:      layout_gridville, serial_rivers, chequers_serial_rivers_micro_b,
          chequers_serial_rivers_micro_a, chequers_serial_rivers_small_a,
          chequers_serial_rivers_large_a
Temple:   bh_familiar_temple

Skill      XL: |  1  2  3  4  5  6 |
---------------+-------------------+-----
Earth Magic    | 4 5 6 |  6.0
Spellcasting   | 3 |  3.1
Fighting       | 2 3 |  3.0
Stealth        | 3 4 |  4.1
Dodging        | |  1.5
Transmutations | |  0.7

Action                     |  1- 3 |  4- 6 || total
---------------------------+-------+-------++-------
  Melee: Hand axe          |     1 |       ||     1
         Spear             |     1 |     5 ||     6
   Cast: Sandblast         |    47 |    62 ||   109
    Use: Potion            |       |     2 ||     2
 Armour: Robe              |     1 |     9 ||    10
  Dodge: Dodged            |     7 |    19 ||    26
